 Dungeon Crawl Stone Soup version 0.29.1-2-gbd0b4ee654 (webtiles) character file.

Game seed: 3009019726087667641

321 Icepheonix32 the Purveyor of Pain (level 6, -3/32 HPs)
             Began as a Deep Elf Necromancer on Oct 31, 2022.
             Was an Initiate of Kikubaaqudgha.
             Slain by a gnoll
             ... wielding a +0 spear
              (5 damage)
             ... on level 4 of the Dungeon.
             The game lasted 00:04:55 (4198 turns).

Icepheonix32 the Purveyor of Pain (DENe)            Turns: 4198, Time: 00:04:56

Health: -3/32      AC:  6    Str:  7    XL:     6   Next: 22%
Magic:  9/12       EV: 12    Int: 20    God:    Kikubaaqudgha [......]
Gold:   157        SH:  0    Dex: 17    Spells: 10/11 levels left

rFire   + . .      SeeInvis .   f - +1 short sword
rCold   + . .      Faith    .   s - orb {mayhem}
rNeg    . . .      Spirit   .   o - +1 leather armour {rF+}
rPois   .          Reflect  .   l - +2 hat
rElec   .          Harm     .   (no cloak)
rCorr   .          Rampage  .   (no gloves)
Will    .....                   (no boots)
Stlth   +++.......              (no amulet)
HPRegen 0.10/turn               (no ring)
MPRegen 0.13/turn               (no ring)

@: no status effects
A: thin skeletal structure 1, cold resistance 1, sense surroundings 1
a: Renounce Religion


You were on level 4 of the Dungeon.
You worshipped Kikubaaqudgha.
Kikubaaqudgha was noncommittal.
You visited 1 branch of the dungeon, and saw 4 of its levels.

You collected 157 gold pieces.

Inventory:

Hand Weapons
 f - a +1 short sword (weapon)
Armour
 a - a +0 robe
 l - a +2 hat (worn)
 o - a +1 leather armour of fire resistance (worn)
 s - an orb of mayhem (worn)
Jewellery
 n - a ring of ice
Wands
 q - a wand of acid (9)
 r - a wand of paralysis (17)
Scrolls
 c - a scroll of teleportation
 g - a scroll of amnesia
 i - a scroll of noise
 j - a scroll of butterflies
 m - a scroll of enchant armour
 t - a scroll of enchant weapon
Potions
 b - a potion of magic
 d - a potion of attraction
 e - 2 potions of brilliance
 k - 3 potions of haste


   Skills:
 - Level 2.4 Dodging
 - Level 2.4 Stealth
 - Level 3.0 Spellcasting
 + Level 9.1 Necromancy


You had 10 spell levels left.
You knew the following spells:

 Your Spells              Type           Power      Damage    Failure   Level
a - Necrotise             Necr           100%       1d9       1%          1

Your spell library contained the following spells:

 Spells                   Type           Power      Damage    Failure   Level
 Vampiric Draining        Necr           39%        2d8       1%          3
 Animate Dead             Necr           39%        N/A       4%          4
 Agony                    Necr           39%        N/A       14%         5
 Call Canine Familiar     Summ           3%         N/A       54%         3
 Gell's Gravitas          Tloc           3%         N/A       54%         3
 Lesser Beckoning         Tloc           3%         N/A       54%         3
 Portal Projectile        Hex/Tloc       6%         N/A       54%         3
 Teleport Other           Tloc           3%         N/A       54%         3
 Leda's Liquefaction      Hex/Erth       1%         N/A       91%         4


Dungeon Overview and Level Annotations

Branches:
Dungeon (4/15)             Temple (0/1) D:4

Altars:
Kikubaaqudgha
Uskayaw

Shops:
D:2 [

Annotations:
D:4 3 runed translucent doors, SirLogeyBear's ghost, amateur HOBe


Innate Abilities, Weirdness & Mutations

You have a somewhat thin skeletal structure. (Dex +2, Stealth+)
Your flesh is cold resistant. (rC+)
You passively map a small area around you.


Message History

Confirm with . or Enter, or press ? or * to list all spells.
Aiming: Necrotise (safe; 1% risk of failure)
Press: ? - help, Shift-Dir - straight line, f/p - gnoll
Aim: a gnoll, wielding a +0 whip (almost dead, chance to affect: 88%)
The gnoll writhes in agony.
You kill the gnoll!
Kikubaaqudgha accepts your kill.
The dead are walking!
You see here a +0 whip.
There is a stone staircase leading down here.
Your gnoll skeleton crumbles into dust!
Magic restored.
HP restored.
Done exploring.
Unknown command.
As you read the scroll labelled KAYBBO KOKLA, it crumbles to dust.
Your body is wracked with pain!
It was a scroll of torment.
Unknown command.
Done exploring.
You climb downwards.
Level annotation: 3 runed translucent doors, SirLogeyBear's ghost, amateur HOBe The gnoll hits you from afar with a +0 spear.
The gnoll hits you but does no damage.
The gnoll hits you from afar with a +0 spear!
There is a stone staircase leading up, spattered with blood here.
The gnoll writhes in agony!
The gnoll closely misses you. The gnoll misses you.
The gnoll barely resists.
The gnoll barely misses you.
The gnoll hits you from afar with a +0 spear.
The gnoll barely resists.
The gnoll hits you from afar with a +0 spear.
The gnoll hits you from afar with a +0 spear!
* * * LOW HITPOINT WARNING * * *
You are too injured to fight recklessly!
You are too injured to fight recklessly!
Unknown command.
The gnoll hits you from afar with a +0 spear.
* * * LOW HITPOINT WARNING * * *
The gnoll hits you from afar with a +0 spear.
You die...
Kikubaaqudgha rasps: "You have failed me!
Welcome... death!"

#....)..... , #..######.. ,*
#..# ** #..# ####..#######
#...........# ***
#.##gg#####.# #.##..# #.#
#.##@.# #.# #.##..# ##.## **
* * #.....####...#### *
##...............# ,
########......####...##.# *.
..................#..##.####.
########.................#...
####............(...#.##
#.......###+++###.......


You could see 2 gnolls.

Vanquished Creatures
  Grinder (D:3)
  Robin (D:3)
  2 gnolls
  An adder (D:2)
  4 dart slugs
  An orc (D:3)
  3 bats
  6 endoplasms
  2 giant cockroaches
  16 goblins
  7 hobgoblins
  3 kobolds
  2 quokkas
  9 ball pythons
  8 frilled lizards
  A rat (D:1)
  A spectral goblin (D:1)
68 creatures vanquished.

Vanquished Creatures (collateral kills)
  A goblin (D:3)
1 creature vanquished.

Grand Total: 69 creatures vanquished

Notes
Turn   | Place    | Note
-------+----------+-------------------------------------------
     0 | D:1      | Icepheonix32 the Deep Elf Necromancer began the quest for
                  | the Orb.
     0 | D:1      | Reached XP level 1. HP: 10/10 MP: 6/6
    66 | D:1      | Reached skill level 5 in Necromancy
   297 | D:1      | Reached XP level 2. HP: 15/15 MP: 5/8
   592 | D:1      | You fall into a shaft and drop 1 floor!
   736 | D:2      | Reached skill level 6 in Necromancy
   889 | D:2      | Reached XP level 3. HP: 10/19 MP: 3/9
  1670 | D:1      | Found a faded altar of an unknown god.
  1798 | D:2      | Found Uniast's Armour Shop.
  2413 | D:3      | Noticed Robin
  2429 | D:3      | Reached XP level 4. HP: 16/24 MP: 3/10
  2562 | D:3      | Killed Robin
  2563 | D:3      | Reached skill level 7 in Necromancy
  2625 | D:3      | Noticed a +0 dagger
  2626 | D:3      | Noticed a +0 spear
  2626 | D:3      | Noticed a +0 short sword
  2626 | D:3      | Noticed a +0 short sword
  2626 | D:3      | Noticed a +0 falchion
  2627 | D:3      | Noticed a +0 dagger
  2628 | D:3      | Noticed a +0 spear
  2628 | D:3      | Noticed a +0 falchion
  2636 | D:3      | Found a hide-covered altar of Uskayaw.
  2741 | D:3      | Found an ancient bone altar of Kikubaaqudgha.
  2751 | D:3      | Became a worshipper of Kikubaaqudgha
  3303 | D:3      | Noticed Grinder
  3305 | D:3      | Gained mutation: You have a somewhat thin skeletal
                  | structure. (Dex +2, Stealth+) [potion of mutation]
  3305 | D:3      | Gained mutation: Your flesh is cold resistant. (rC+)
                  | [potion of mutation]
  3305 | D:3      | Gained mutation: You passively map a small area around you.
                  | [potion of mutation]
  3315 | D:3      | HP: 1/24 [Grinder (2)]
  3316 | D:3      | Paralysed by Grinder for 2 turns
  3331 | D:3      | Killed Grinder
  3332 | D:3      | Reached skill level 8 in Necromancy
  3332 | D:3      | Reached XP level 5. HP: 13/28 MP: 11/11
  3332 | D:3      | Reached XP level 6. HP: 14/32 MP: 12/12
  3656 | D:4      | Found a runed translucent gate.
  3657 | D:4      | Found a runed translucent gate.
  3658 | D:4      | Found a runed translucent gate.
  3680 | D:4      | Reached skill level 9 in Necromancy
  3716 | D:4      | Noticed SirLogeyBear's ghost (amateur HOBe)
  3776 | D:4      | Found a staircase to the Ecumenical Temple.
  4198 | D:4      | Slain by a gnoll

Illustrated notes

Levels and vault maps discovered:
D:1:      reono_arrival_forest_river, layout_basic,
          dreamdust_ecumenical_altar_drowned_temple
D:2:      layout_basic, serial_shops, shop, eino_tiny_chamber,
          serial_bayou_pond_a
D:3:      layout_basic, mainiacjoe_overflow_small_starburst,
          nicolae_uskayaw_en_pointe, uniq_grinder, uniq_robin
D:4:      layout_loops_ring, lemuel_round_altar, minmay_temple_entry_offerings,
          gammafunk_ghost_split

Skill      XL: |  1  2  3  4  5  6 |
---------------+-------------------+-----
Necromancy     | 5 6 8 9 |  9.1
Dodging        | |  2.4
Stealth        | |  2.4
Spellcasting   | |  3.0

Action                   |  1- 3 |  4- 6 || total
-------------------------+-------+-------++-------
Melee: Short sword       |    16 |    17 ||    33
 Cast: Necrotise         |    75 |    38 ||   113
Evoke: Wand              |       |     6 ||     6
  Use: Potion            |       |     5 ||     5
       Scroll            |       |     8 ||     8
 Stab: Sleeping          |     1 |     1 ||     2
Armor: Robe              |     7 |     5 ||    12
       Leather armour    |       |     5 ||     5
Dodge: Dodged            |    16 |    21 ||    37
